 Dungeon Crawl Stone Soup version 0.29.0-4-gdea44cf6ec (webtiles) character file.

Game seed: 12044883689547910817

4163 qw the Cleaver (level 10, 0/78 (80) HPs)
             Began as a Formicid Cinder Acolyte on Sept 3, 2022.
             Was an Initiate of Ignis.
             Succumbed to a killer bee's poison
             ... on level 8 of the Dungeon.
             The game lasted 00:05:11 (10542 turns).

qw the Cleaver (Formicid Cinder Acolyte)           Turns: 10542, Time: 00:05:11

HP:   0/78 (80)     AC: 19    Str: 26    XL:     10   Next: 52%
MP:   11/11         EV: 15    Int: 14    God:    Ignis [......]
Gold: 489           SH:  4    Dex:  8    Spells: 11/11 levels left

rFire   + . .      SeeInvis +   m - +1 battleaxe
rCold   . . .      Faith    .   n - +0 buckler
rNeg    . . .      Spirit   .   k - +0 plate armour
rPois   .          Reflect  .   (helmet unavailable)
rElec   .          Harm     .   l - scarf {repulsion}
rCorr   .          Rampage  .   (no gloves)
Will    +....                   (no boots)
Stlth   ..........              (no amulet)
HPRegen 0.23/turn               e - +4 ring of evasion
MPRegen 0.12/turn               a - +4 ring of evasion

@: lethally poisoned (0 -> -1), fiery-armoured, lightly drained, repel missiles
A: permanent stasis, dig shafts and tunnels, antennae 3, four strong arms,
strong 1, subdued magic 1, MP-powered wands
a: Dig, Shaft Self, Renounce Religion, Rising Flame


You were on level 8 of the Dungeon.
You worshipped Ignis.
Ignis was noncommittal.
You visited 1 branch of the dungeon, and saw 8 of its levels.

You collected 489 gold pieces.


Innate Abilities, Weirdness & Mutations

You cannot be hasted, slowed, berserked, paralysed or teleported.
You can dig through walls and to a lower floor.
You have a pair of large antennae on your head. (SInv)
Your four strong arms can wield two-handed weapons with a shield.
Your muscles are strong. (Str +4, Int/Dex -1)
Your spells are a little easier to cast, but a little less powerful.
You expend magic power (3 MP) to strengthen your wands.


   Skills:
 - Level 8.0 Fighting
 - Level 11.6 Axes
 + Level 1.4 Throwing
 - Level 6.0 Armour
 - Level 1.0 Dodging
 - Level 3.0 Shields
 - Level 1.1 Spellcasting
 - Level 3.0 Fire Magic


You had 11 spell levels left.
You didn't know any spells.
Your spell library contained the following spells:

 Spells                   Type           Power      Damage    Failure   Level
 Scorch                   Fire           14%        2d5       83%         2

Inventory:

Hand Weapons
 j - a +2 war axe of flaming
 m - a +1 battleaxe (weapon)
Missiles
 f - 8 boomerangs
 o - 2 javelins (quivered)
Armour
 c - a +0 cloak
 k - a +0 plate armour (worn)
 l - a scarf of repulsion (worn)
 n - a +0 buckler (worn)
Jewellery
 a - a +4 ring of evasion (right hand)
 e - a +4 ring of evasion (left hand)
 g - a ring of fire
Scrolls
 d - 4 scrolls of identify
Potions
 b - 4 potions of curing
 h - a potion of haste
 i - a potion of resistance
 p - a potion of degeneration {unknown}
 r - a potion of mutation

Dungeon Overview and Level Annotations

Branches:
Dungeon (8/15)             Temple (0/1) D:7
   Lair: D:8-11

Altars:
Ashenzari
Cheibriados
Nemelex Xobeh
Yredelemnul
Zin

Annotations:
D:4 3 runed translucent doors, qw's ghost, amateur TrCA


Message History

The death yak gores you but does no damage.
You slash the death yak!
The death yak is heavily wounded.
You closely miss the hell rat.
You feel sick. The hell rat bites you!
You feel drained. You block the death yak's attack.
You barely miss the death yak.
The death yak is heavily wounded.
You hit the hell rat.
You feel sick. The hell rat barely misses you. The death yak barely misses you.
The hell rat misses you.
You barely miss the death yak.
The death yak is heavily wounded.
You slash the hell rat!
You feel sick. The death yak misses you.
You slash the death yak!
The death yak is severely wounded.
You barely miss the death yak.
You feel sick. The death yak closely misses you.
The death yak gores you but does no damage.
The death yak is burned by your cloak of flames.
The death yak is lightly wounded.
An orc wizard comes into view. It is wielding a +0 dagger.
The death yak gores you but does no damage.
The orc wizard shouts!
You slash the death yak!
The death yak is almost dead.
You slash the death yak!
You feel sick.
You hear a shout!
The death yak gores you!!
The death yak is burned by your cloak of flames.
The death yak is moderately wounded.
The orc wizard gestures wildly while chanting.
The orc wizard flickers and vanishes for a moment.
The death yak closely misses you.
You barely miss the death yak.
The death yak is severely wounded.
You hit the death yak but do no damage.
You die...

......
{..o.(..
.....
....
#yr.
#yo##
#rY#
#YY# {
#@### {{
##...#{
#...##
#.###
#.# #.##
#.)#
##.#
#..#


You could see 3 death yaks, a hell rat, 2 killer bees, an orc wizard
(invisible), an orc and a quokka.

Vanquished Creatures
  Maggie (D:7)
  Grinder (D:6)
  Sigmund (D:2)
  A wyvern (D:7)
  A vampire mosquito (D:5)
  A water moccasin (D:8)
  2 orc warriors (D:6)
  2 black bears
  4 centaurs
  2 ogres
  3 phantoms
  A kobold brigand (D:5)
  3 bullfrogs (D:7)
  A gnoll sergeant (D:7)
  6 scorpions
  4 wights (D:7)
  2 killer bees (D:8)
  5 hounds
  6 orc priests
  Natasha (D:2)
  5 iguanas
  3 orc wizards
  Robin (D:2)
  19 gnolls
  13 adders
  A shadow imp (D:7)
  An ufetubus (D:5)
  4 dart slugs
  48 orcs
  2 bats
  6 endoplasms
  5 giant cockroaches
  19 goblins
  11 hobgoblins
  3 jackals (D:3)
  11 quokkas
  4 ball pythons
  2 frilled lizards
  7 kobolds
  10 rats
223 creatures vanquished.

Vanquished Creatures (others)
  A plant (D:1)
1 creature vanquished.

Grand Total: 224 creatures vanquished

Notes
Turn   | Place    | Note
-------+----------+-------------------------------------------
     0 | D:1      | qw the Formicid Cinder Acolyte began the quest for the Orb.
     0 | D:1      | Reached XP level 1. HP: 18/18 MP: 2/2
     0 | D:1      | 0 ||| qw: Version: 0.1-a-102-g441f92d
     0 | D:1      | 0 ||| qw: Game counter: 5075
     0 | D:1      | 0 ||| qw: Always use a shield: true
     0 | D:1      | 0 ||| qw: God list: Okawaru
     0 | D:1      | 0 ||| qw: Allow faded altars: false
     0 | D:1      | 0 ||| qw: Do Orc after D:15 true
     0 | D:1      | 0 ||| qw: Do second Lair branch before Depths: true
     0 | D:1      | 0 ||| qw: Lair rune preference: random
     0 | D:1      | 0 ||| qw: Plans: Normal
     0 | D:1      | 0 ||| PLANNING D:1-11
    45 | D:1      | 45 ||| Stepping ~*~*~tactically~*~*~ (hiding).
    56 | D:1      | 56 ||| INVOKING Fiery Armour.
   137 | D:1      | 137 ||| Stepping ~*~*~tactically~*~*~ (stealth).
   276 | D:1      | Reached XP level 2. HP: 23/24 MP: 3/3
   669 | D:1      | 669 ||| Stepping ~*~*~tactically~*~*~ (stealth).
   780 | D:1      | Reached skill level 4 in Axes
   780 | D:1      | Reached XP level 3. HP: 27/29 MP: 4/4
   829 | D:1      | 829 ||| Stepping ~*~*~tactically~*~*~ (stealth).
   864 | D:1      | Reached skill level 1 in Dodging
  1252 | D:1      | 1252 ||| Stepping ~*~*~tactically~*~*~ (stealth).
  1519 | D:1      | Reached XP level 4. HP: 33/35 MP: 5/5
  1557 | D:1      | Found a faded altar of an unknown god.
  1663 | D:1      | 1663 ||| UPGRADING to +0 cloak.
  1668 | D:1      | 1668 ||| UPGRADING to +0 ring mail.
  1678 | D:1      | 1678 ||| DROPPING +0 robe.
  1679 | D:1      | 1679 ||| UPGRADING to +4 ring of evasion.
  1680 | D:1      | 1680 ||| READING scroll labelled QIUVAREAVIY.
  1720 | D:2      | 1720 ||| Stepping ~*~*~tactically~*~*~ (stealth).
  1725 | D:2      | 1725 ||| Stepping ~*~*~tactically~*~*~ (stealth).
  1727 | D:2      | 1727 ||| Stepping ~*~*~tactically~*~*~ (stealth).
  1788 | D:2      | Reached skill level 1 in Armour
  1793 | D:2      | 1793 ||| Stepping ~*~*~tactically~*~*~ (stealth).
  1794 | D:2      | 1794 ||| Stepping ~*~*~tactically~*~*~ (stealth).
  1799 | D:2      | Noticed Robin
  1800 | D:2      | 1800 ||| Stepping ~*~*~tactically~*~*~ (hiding).
  1814 | D:2      | Noticed Sigmund
  1815 | D:2      | 1815 ||| INVOKING Fiery Armour.
  1817 | D:2      | Killed Robin
  1830 | D:2      | Killed Sigmund
  1831 | D:2      | Reached skill level 6 in Axes
  1831 | D:2      | Reached XP level 5. HP: 19/41 MP: 6/6
  1831 | D:2      | Reached XP level 6. HP: 22/47 MP: 7/7
  2269 | D:2      | 2269 ||| FLEEEEING.
  2363 | D:2      | 2363 ||| Stepping ~*~*~tactically~*~*~ (stealth).
  2737 | D:2      | 2737 ||| UPGRADING to +4 ring of evasion.
  2738 | D:2      | 2738 ||| READING scroll labelled ETSEVYDW VYEM.
  2739 | D:2      | 2739 ||| READING scroll labelled BAC TIEBBALAEJ.
  2740 | D:2      | 2740 ||| READING scroll labelled UBBUILL WESKYMI.
  2741 | D:2      | 2741 ||| READING scroll labelled OHASURCHE JUBAR.
  2811 | D:2      | 2811 ||| Stepping randomly (stuck).
  2856 | D:2      | Noticed Natasha
  2876 | D:2      | 2876 ||| INVOKING Fiery Armour.
  2878 | D:2      | Killed Natasha
  3522 | D:3      | Found a glowing silver altar of Zin.
  3570 | D:3      | Found a basalt altar of Yredelemnul.
  3619 | D:3      | Reached XP level 7. HP: 54/54 MP: 8/8
  3667 | D:3      | 3667 ||| Stepping ~*~*~tactically~*~*~ (stealth).
  3669 | D:3      | 3669 ||| Stepping ~*~*~tactically~*~*~ (stealth).
  3684 | D:3      | 3684 ||| Stepping ~*~*~tactically~*~*~ (stealth).
  4056 | D:3      | 4056 ||| READING scroll labelled WELUSAIRIU.
  4057 | D:3      | 4057 ||| READING scroll labelled IGRAERGHUFYDGH.
  4058 | D:3      | 4058 ||| READING scroll labelled FIFFOCS QEYMIV.
  4123 | D:4      | 4123 ||| INVOKING Fiery Armour.
  4124 | D:4      | 4124 ||| STAIRDANCE
  4368 | D:4      | Reached skill level 7 in Axes
  4457 | D:4      | 4457 ||| READING scroll of enchant weapon.
  4457 | D:4      | 4457 ||| ENCHANTING +0 hand axe of flaming.
  4542 | D:4      | 4542 ||| Stepping ~*~*~tactically~*~*~ (hiding).
  4545 | D:4      | 4545 ||| Stepping ~*~*~tactically~*~*~ (hiding).
  4553 | D:4      | 4553 ||| Stepping ~*~*~tactically~*~*~ (stealth).
  4556 | D:4      | 4556 ||| Stepping ~*~*~tactically~*~*~ (stealth).
  4664 | D:4      | 4664 ||| Stepping ~*~*~tactically~*~*~ (hiding).
  4668 | D:4      | 4668 ||| Stepping ~*~*~tactically~*~*~ (hiding).
  4674 | D:4      | 4674 ||| INVOKING Fiery Armour.
  4708 | D:4      | 4708 ||| FLEEEEING.
  4761 | D:4      | 4761 ||| SWAPPING to +0 war axe.
  4842 | D:4      | Reached skill level 8 in Axes
  4842 | D:4      | 4842 ||| Stepping ~*~*~tactically~*~*~ (stealth).
  4848 | D:4      | 4848 ||| Stepping ~*~*~tactically~*~*~ (stealth).
  4867 | D:4      | 4867 ||| Stepping ~*~*~tactically~*~*~ (hiding).
  4869 | D:4      | 4869 ||| Stepping ~*~*~tactically~*~*~ (hiding).
  4870 | D:4      | 4870 ||| Stepping ~*~*~tactically~*~*~ (hiding).
  4991 | D:4      | Found a runed translucent gate.
  4991 | D:4      | Found a runed translucent gate.
  4991 | D:4      | Found a runed translucent gate.
  5002 | D:4      | Noticed qw's ghost (amateur TrCA)
  5251 | D:4      | 5251 ||| UPGRADING to +0 scale mail.
  5261 | D:4      | 5261 ||| DROPPING +0 ring mail.
  5262 | D:4      | 5262 ||| READING 2 scrolls of identify.
  5262 | D:4      | 5262 ||| IDENTIFYING glowing purple potion
  5284 | D:5      | Entered Level 5 of the Dungeon
  5285 | D:5      | 5285 ||| STAIRDANCE
  5378 | D:5      | Reached XP level 8. HP: 33/61 MP: 9/9
  5524 | D:5      | Found a sparkling altar of Nemelex Xobeh.
  5570 | D:5      | Reached skill level 1 in Throwing
  5766 | D:5      | HP: 14/60 [ogre/+0 giant spiked club (27)]
  5767 | D:5      | 5767 ||| INVOKING Fiery Armour.
  6248 | D:5      | 6248 ||| INVOKING Fiery Armour.
  6253 | D:5      | HP: 15/63 [vampire mosquito (7)]
  6265 | D:5      | Reached skill level 9 in Axes
  6515 | D:5      | Reached skill level 6 in Fighting
  6515 | D:5      | Reached XP level 9. HP: 49/70 MP: 10/10
  6813 | D:5      | 6813 ||| UPGRADING to +0 chain mail.
  6823 | D:5      | 6823 ||| DROPPING +0 scale mail.
  6824 | D:5      | 6824 ||| DROPPING amulet of magic regeneration.
  6825 | D:5      | 6825 ||| DROPPING +6 ring of intelligence.
  6826 | D:5      | 6826 ||| READING scroll labelled JINOTI QIWA.
  6927 | D:5      | 6927 ||| READING scroll labelled BIGUSE HYEROEN.
  6928 | D:5      | 6928 ||| READING scroll labelled MAC RIYTHALLI.
  6929 | D:5      | 6929 ||| DRINKING 2 glowing white potions.
  6930 | D:5      | 6930 ||| DRINKING 2 green potions.
  6930 | D:5      | Gained mutation: Your muscles are strong. (Str +4, Int/Dex
                  | -1) [potion of mutation]
  6930 | D:5      | Gained mutation: Your spells are a little easier to cast,
                  | but a little less powerful. [potion of mutation]
  6930 | D:5      | Gained mutation: You expend magic power (3 MP) to
                  | strengthen your wands. [potion of mutation]
  6931 | D:5      | 6931 ||| READING 4 scrolls of identify.
  6931 | D:5      | 6931 ||| IDENTIFYING purple potion
  6932 | D:5      | 6932 ||| DROPPING potion of attraction.
  6990 | D:6      | Reached skill level 3 in Armour
  6999 | D:6      | 6999 ||| INVOKING Fiery Armour.
  7007 | D:6      | Reached skill level 10 in Axes
  7034 | D:6      | 7034 ||| FLEEEEING.
  7035 | D:6      | 7035 ||| FLEEEEING.
  7036 | D:6      | 7036 ||| FLEEEEING.
  7037 | D:6      | 7037 ||| FLEEEEING.
  7038 | D:6      | 7038 ||| STAIRDANCE
  7192 | D:6      | 7192 ||| STAIRDANCE
  7197 | D:6      | 7197 ||| STAIRDANCE
  7232 | D:6      | Noticed Grinder
  7234 | D:6      | 7234 ||| Stepping ~*~*~tactically~*~*~ (hiding).
  7235 | D:6      | 7235 ||| Stepping ~*~*~tactically~*~*~ (hiding).
  7247 | D:6      | 7247 ||| FLEEEEING.
  7248 | D:6      | 7248 ||| STAIRDANCE
  7368 | D:5      | 7368 ||| UPGRADING to +0 plate armour.
  7378 | D:5      | 7378 ||| DROPPING +0 chain mail.
  7379 | D:5      | 7379 ||| DRINKING 2 emerald potions.
  7393 | D:6      | Killed Grinder
  7591 | D:6      | 7591 ||| Stepping ~*~*~tactically~*~*~ (stealth).
  7614 | D:6      | 7614 ||| Stepping ~*~*~tactically~*~*~ (stealth).
  7627 | D:6      | 7627 ||| INVOKING Fiery Armour.
  7627 | D:6      | HP: 16/71 [orc warrior/+1 war axe of venom (10)]
  7628 | D:6      | 7628 ||| DRINKING potion of heal wounds.
  7634 | D:6      | HP: 17/72 [poisoned by an orc warrior]
  7639 | D:6      | HP: 14/72 [poisoned by an orc warrior]
  7763 | D:6      | 7763 ||| Stepping ~*~*~tactically~*~*~ (stealth).
  7765 | D:6      | 7765 ||| SWAPPING to +1 war axe of venom.
  7909 | D:6      | 7909 ||| DROPPING +0 war axe.
  7910 | D:6      | Found a snail-covered altar of Cheibriados.
  7956 | D:6      | Identified the +9 flail of Xaitipno {freeze, Int+3}
  8073 | D:6      | 8073 ||| Stepping ~*~*~tactically~*~*~ (stealth).
  8152 | D:6      | 8152 ||| Stepping ~*~*~tactically~*~*~ (stealth).
  8153 | D:6      | 8153 ||| Stepping ~*~*~tactically~*~*~ (hiding).
  8239 | D:6      | 8239 ||| READING scroll labelled KAESTI NEMERCH.
  8240 | D:6      | 8240 ||| READING scroll labelled DYSOQA GEP SUU.
  8263 | D:7      | 8263 ||| INVOKING Fiery Armour.
  8264 | D:7      | HP: 14/72 [wyvern (5)]
  8265 | D:7      | Reached XP level 10. HP: 16/79 MP: 11/11
  8265 | D:7      | 8265 ||| STAIRDANCE
  8548 | D:7      | 8548 ||| FLEEEEING.
  8549 | D:7      | 8549 ||| FLEEEEING.
  8550 | D:7      | 8550 ||| FLEEEEING.
  8551 | D:7      | 8551 ||| FLEEEEING.
  8552 | D:7      | 8552 ||| FLEEEEING.
  8553 | D:7      | 8553 ||| STAIRDANCE
  8665 | D:7      | 8665 ||| STAIRDANCE
  8671 | D:7      | 8671 ||| STAIRDANCE
  8746 | D:7      | 8746 ||| STAIRDANCE
  8753 | D:7      | 8753 ||| STAIRDANCE
  8892 | D:7      | 8892 ||| Stepping ~*~*~tactically~*~*~ (stealth).
  8893 | D:7      | 8893 ||| Stepping ~*~*~tactically~*~*~ (stealth).
  8904 | D:7      | 8904 ||| Stepping ~*~*~tactically~*~*~ (stealth).
  8998 | D:7      | Noticed Maggie
  9006 | D:7      | Killed Maggie
  9007 | D:7      | Reached skill level 11 in Axes
  9021 | D:7      | 9021 ||| INVOKING Fiery Armour.
  9026 | D:7      | Reached skill level 6 in Armour
  9195 | D:7      | 9195 ||| SWAPPING to +2 war axe of flaming.
  9196 | D:7      | 9196 ||| DROPPING +1 hand axe of flaming.
  9197 | D:7      | 9197 ||| DROPPING +1 war axe of venom.
  9461 | D:7      | 9461 ||| Stepping ~*~*~tactically~*~*~ (water).
  9603 | D:7      | Found a broken altar of Ashenzari.
  9617 | D:7      | 9617 ||| Stepping ~*~*~tactically~*~*~ (stealth).
  9685 | D:7      | 9685 ||| Stepping ~*~*~tactically~*~*~ (hiding).
  9687 | D:7      | 9687 ||| Stepping ~*~*~tactically~*~*~ (stealth).
  9688 | D:7      | 9688 ||| Stepping ~*~*~tactically~*~*~ (stealth).
  9689 | D:7      | 9689 ||| Stepping ~*~*~tactically~*~*~ (stealth).
  9716 | D:7      | 9716 ||| Stepping ~*~*~tactically~*~*~ (stealth).
  9733 | D:7      | 9733 ||| INVOKING Fiery Armour.
  9923 | D:7      | 9923 ||| SWAPPING to +1 battleaxe.
 10015 | D:7      | Found a staircase to the Ecumenical Temple.
 10095 | D:7      | 10095 ||| UPGRADING to scarf of repulsion.
 10105 | D:7      | 10105 ||| UPGRADING to +0 buckler.
 10237 | D:8      | Reached skill level 1 in Shields
 10472 | D:8      | 10472 ||| Stepping ~*~*~tactically~*~*~ (hiding).
 10526 | D:8      | 10526 ||| Stepping ~*~*~tactically~*~*~ (stealth).
 10527 | D:8      | Noticed a death yak
 10528 | D:8      | 10528 ||| INVOKING Fiery Armour.
 10529 | D:8      | Noticed a death yak
 10531 | D:8      | Noticed a death yak
 10536 | D:8      | Reached skill level 3 in Shields
 10541 | D:8      | HP: 19/78 [poisoned by a killer bee]
 10541 | D:8      | HP: 1/78 [death yak (18)]
 10542 | D:8      | Succumbed to a killer bee's poison

Levels and vault maps discovered:
D:1:      kennysheep_arrival_seaside, layout_basic,
          ebering_ecumenical_altar_hall
D:2:      minmay_inner_zag, layout_loops_cross, serial_bayou_crossing,
          uniq_sigmund, uniq_natasha, uniq_robin
D:3:      layout_loops_ring, zin_statuary,
          mainiacjoe_overflow_concentric_impassable
D:4:      layout_loops_ring, biasface_ghost_orc_armoury
D:5:      cheibrodos_barr_body, layout_cave_pools,
          nemelex_xobeh_ov_fountains_minmay
D:6:      layout_rooms, mainiacjoe_overflow_surrounded_room, uniq_grinder
D:7:      wander_river, layout_basic, ashenzari_altar_1,
          minmay_temple_entry_antechambers, enter_bailey_4, uniq_maggie
D:8:      layout_layer_cave, dpeg_lair_monsters

Skill      XL: |  1  2  3  4  5  6  7  8  9 10 |
---------------+-------------------------------+-----
Axes           | 4 6 8 9 10 11 | 11.6
Dodging        | 1 |  1.0
Armour         | 1 2 5 6 |  6.0
Fighting       | 4 6 7 8 |  8.0
Throwing       | 1 |  1.4
Shields        | 3 |  3.0
Spellcasting   | |  1.1
Fire Magic     | |  3.0

Action                   |  1- 3 |  4- 6 |  7- 9 | 10-12 || total
-------------------------+-------+-------+-------+-------++-------
Melee: Hand axe          |    92 |   164 |    93 |       ||   349
       Punch             |       |     4 |     5 |       ||     9
       War axe           |       |       |   255 |    89 ||   344
       Battleaxe         |       |       |       |    33 ||    33
Throw: Boomerang         |       |       |    48 |    16 ||    64
       Javelin           |       |       |       |     3 ||     3
Invok: Fiery Armour      |     1 |     2 |     7 |     3 ||    13
  Use: Scroll            |       |     5 |    11 |       ||    16
       Potion            |       |       |     4 |       ||     4
Armor: Robe              |    15 |       |       |       ||    15
       Ring mail         |       |    52 |    17 |       ||    69
       Scale mail        |       |       |    34 |       ||    34
       Plate armour      |       |       |    10 |    43 ||    53
       Chain mail        |       |       |     6 |       ||     6
Dodge: Dodged            |    54 |   100 |   263 |   117 ||   534
Block: Buckler           |       |       |       |     6 ||     6

Table legend:
 A = Non-vault XP
 B = Vault XP
 C = Vault XP percentage of total XP
 D = Non-vault monster count
 E = Vault monster count
 F = Vault count percentage of total count
                 A         B        C        D         E       F
            +---------+---------+-------+---------+---------+-------
      Total |    4243 |    1705 |  28.7 |     183 |      40 |  17.9
            +---------+---------+-------+---------+---------+-------
        D:1 |      69 |       0 |   0.0 |      33 |       0 |   0.0
        D:2 |     142 |     302 |  68.0 |      24 |      19 |  44.2
        D:3 |      43 |       0 |   0.0 |      10 |       0 |   0.0
        D:4 |     436 |       0 |   0.0 |      26 |       0 |   0.0
        D:5 |     650 |     682 |  51.2 |      23 |      14 |  37.8
        D:6 |    1168 |     281 |  19.4 |      38 |       1 |   2.6
        D:7 |    1342 |     440 |  24.7 |      25 |       6 |  19.4
        D:8 |     393 |       0 |   0.0 |       4 |       0 |   0.0
            +---------+---------+-------+---------+---------+-------
